 Dungeon Crawl Stone Soup version 0.29.1-2-gbd0b4ee654 (webtiles) character file.

Game seed: 10039903387144762538

13545 raph the Tainter (level 11, -7/89 HPs)
             Began as a Yellow Draconian Venom Mage on Nov 9, 2022.
             Was a Priest of Sif Muna.
             Killed from afar by an electric eel (11 damage)
             ... with a bolt of electricity
             ... on level 1 of the Lair of Beasts.
             The game lasted 00:21:48 (14472 turns).

raph the Tainter (Yellow Draconian Venom Mage)     Turns: 14472, Time: 00:21:49

Health: -7/89      AC: 14    Str: 11    XL:     11   Next: 77%
Magic:  13/23      EV: 14    Int: 20    God:    Sif Muna [***...]
Gold:   819        SH:  0    Dex: 17    Spells: 4/26 levels left

rFire   + . .      SeeInvis .   n - +10 falchion of Righteous Fury {venom, rF+}
rCold   . . .      Faith    .   b - orb {light}
rNeg    . . .      Spirit   .   (body armour unavailable)
rPois   .          Reflect  .   (helmet restricted)
rElec   .          Harm     .   d - +1 cloak
rCorr   +          Rampage  .   f - +0 pair of gloves
Will    .....                   (no boots)
Stlth   +.........              (no amulet)
HPRegen 0.24/turn               g - +6 ring of dexterity
MPRegen 0.18/turn               o - +4 ring of protection

@: short of breath, channelling, glowing
A: spit acid, AC +7, unfitting armour, cold-blooded, acid resistance
a: Breathe Acid, Renounce Religion, Channel Magic, Forget Spell


You were on level 1 of the Lair of Beasts.
You worshipped Sif Muna.
Sif Muna was most pleased with you.
You visited 2 branches of the dungeon, and saw 12 of its levels.

You collected 819 gold pieces.

Inventory:

Hand Weapons
 c - a +1 short sword
 n - the +10 falchion of Righteous Fury (weapon) {venom, rF+}
   (You found it on level 4 of the Dungeon)

   It poisons the flesh of those it strikes.
   rF:        It protects you from fire.
 C - a +1 scimitar of electrocution
Missiles
 j - 25 poisoned darts
Armour
 b - an orb of light (worn)
 d - a +1 cloak (worn)
 f - a +0 pair of gloves (worn)
 I - a scarf of resistance
Magical Staves
 e - a staff of death
 G - a staff of earth
Jewellery
 g - a +6 ring of dexterity (left hand)
 o - a +4 ring of protection (right hand)
 A - a ring of positive energy
Wands
 p - a wand of flame (30)
 q - a wand of mindburst (20)
 s - a wand of roots (11)
 t - a wand of paralysis (5)
 D - a wand of digging (8)
Scrolls
 r - 2 scrolls of amnesia
 v - 4 scrolls of blinking
 x - 3 scrolls of magic mapping
 y - 2 scrolls of summoning
 z - a scroll of enchant weapon
 E - a scroll of identify
 F - a scroll of teleportation
Potions
 a - 2 potions of magic
 h - a potion of flight
 i - 2 potions of ambrosia
 k - 3 potions of mutation
 l - 8 potions of curing
 m - a potion of attraction
 w - a potion of brilliance
 B - a potion of lignification {unknown}
 H - a potion of berserk rage {unknown}


   Skills:
 + Level 5.9 Fighting
 + Level 3.6 Long Blades
 + Level 5.3 Dodging
 - Level 1.7 Stealth
 + Level 8.0 Spellcasting
 + Level 8.5 Conjurations
 - Level 1.6 Transmutations
 * Level 7.3 Fire Magic
 + Level 10.4 Poison Magic
 * Level 5.9 Invocations


You had 4 spell levels left.
You knew the following spells:

 Your Spells              Type           Power      Damage    Failure   Level
a - Sting                 Tmut/Pois      100%       1d8       1%          1
b - Poisonous Vapours     Pois/Air       56%        N/A       1%          2
c - Mephitic Cloud        Conj/Pois/Air  33%        N/A       1%          3
d - Olgreb's Toxic Radia  Pois           49%        N/A       1%          4
e - Ignite Poison         Fire/Tmut/Pois 33%        N/A       1%          3
f - Sticky Flame          Conj/Fire      39%        2d6       3%          4
g - Conjure Flame         Conj/Fire      39%        6-21      1%          3
h - Blink                 Tloc           16%        N/A       13%         2

Your spell library contained the following spells:

 Spells                   Type           Power      Damage    Failure   Level
 Corpse Rot               Necr/Pois/Air  21%        N/A       21%         4
 Lesser Beckoning         Tloc           8%         N/A       26%         3
 Ozocubu's Armour         Ice            8%         N/A       26%         3
 Manifold Assault         Tloc           8%         N/A       93%         5
 Metabolic Englaciation   Hex/Ice        4%         N/A       93%         5
 Simulacrum               Ice/Necr       4%         N/A       100%        6
 Ignition                 Fire           18%        3d7       100%        8


Dungeon Overview and Level Annotations

Branches:
Dungeon (11/15)            Temple (0/1) D:5            Lair (1/5) D:11
    Orc (0/2) D:9

Altars:
Sif Muna
Zin

Shops:
D:5 *   D:7 [   D:10 :

Annotations:
D:6 1 runed translucent door, BlackCrag2's ghost, novice MiBe


Innate Abilities, Weirdness & Mutations

You can spit globs of acid.
Your golden yellow scales are hard. (AC +7)
You cannot fit into any form of body armour.
You are cold-blooded and may be slowed by cold attacks.
You are resistant to acid. (rCorr)


Message History

Aim: a seven-headed hydra (lightly wounded, haloed, not susceptible)
The ball explodes into a vile cloud!
The stinking cloud engulfs the seven-headed hydra but does no damage.
The seven-headed hydra is lightly wounded.
You hear a loud, deep croak!
The electric eel shoots out a bolt of lightning at you!
The bolt of electricity hits you.
The electric eel shoots out a bolt of lightning at you!
The bolt of electricity hits you! The bolt of electricity hits you.
* * * LOW HITPOINT WARNING * * *
Casting: Mephitic Cloud (safe; 1% risk of failure)
Confirm with . or Enter, or press ? or * to list all spells.
You don't have enough magic to cast this spell.
The seven-headed hydra bites you.
* * * LOW HITPOINT WARNING * * *
The seven-headed hydra bites you!
* * * LOW HITPOINT WARNING * * *
The seven-headed hydra closely misses you.
The seven-headed hydra bites you but does no damage.
The seven-headed hydra misses you. The seven-headed hydra bites you.
* * * LOW HITPOINT WARNING * * *
The seven-headed hydra bites you.
* * * LOW HITPOINT WARNING * * *
Blink to where?
Press: ? - help, Dir - move target, p - seven-headed hydra
Okay, then.
Okay, then.
Okay, then.
You feel much better.
The electric eel shoots out a bolt of lightning at you!
The bolt of electricity misses you. x2; The seven-headed hydra bites you.
The seven-headed hydra bites you!
* * * LOW HITPOINT WARNING * * *
The seven-headed hydra closely misses you.
The seven-headed hydra bites you but does no damage. x4
The cane toad attacks as you move away! The cane toad stings you!
* * * LOW HITPOINT WARNING * * *
The electric eel shoots out a bolt of lightning at you!
The bolt of electricity hits you!
You die...

.. .#........
.[#.!........P~P~~ .
.#....... ..P~~~~
..##......$ ..P~PP~
.......... ...~~~~
.#.......# ....~P~
.......†.# #....~~~≈
#...# ##..PS~PP≈ #...#
#@...SP~~~≈
#...###F..P~PP~~~
##...○☼D...~~~~P~P
#....#°○...~~~~~~~
.~............#.....♣
≈~~~~................
~~≈≈≈~≈~.##P##.........
.~≈~≈≈~~≈~.#####.........
~~~~~~~~≈≈~# #.######..


You could see a seven-headed hydra, a cane toad and 2 electric eels.

Vanquished Creatures
  A hydra (Lair:1)
  2 boulder beetles
  A two-headed ogre (D:10)
  An ugly thing (D:11)
  A manticore (D:11)
  A cyclops (D:11)
  An ice statue (D:9)
  Joseph (D:7)
  A gargoyle (D:11)
  2 komodo dragons
  A kobold demonologist (D:9)
  3 trolls
  2 wraiths
  A vampire (D:10)
  3 wyverns
  7 yaks
  2 steam dragons (D:9)
  Menkaure (D:7)
  2 acid dragons (D:9)
  4 water moccasins
  An ice beast (D:7)
  A sky beast (D:5)
  A black bear (D:5)
  11 orc warriors
  An ogre (D:7)
  3 wolves (Lair:1)
  4 centaurs
  2 phantoms
  2 kobold brigands (D:11)
  5 bullfrogs
  3 scorpions (D:5)
  2 necrophages
  9 wights
  10 killer bees
  3 howler monkeys
  A jelly (D:5)
  A hound (D:4)
  A gnoll bouda (D:6)
  7 orc priests
  3 iguanas
  12 orc wizards
  5 gnolls (D:6)
  2 adders (D:5)
  2 shadow imps
  An ufetubus (D:5)
  A worm (D:3)
  2 dart slugs
  54 orcs
  7 ball pythons
  6 endoplasms
  2 giant cockroaches
  5 goblins
  9 hobgoblins
  6 jackals (D:1)
  4 quokkas
  4 bats
  5 frilled lizards
  14 kobolds
  11 rats
261 creatures vanquished.

Vanquished Creatures (others)
  3 fungi (Lair:1)
  26 plants
  2 withered plants (D:6)
31 creatures vanquished.

Grand Total: 292 creatures vanquished

Notes
Turn   | Place    | Note
-------+----------+-------------------------------------------
     0 | D:1      | raph the Draconian Venom Mage began the quest for the Orb.
     0 | D:1      | Reached XP level 1. HP: 14/14 MP: 3/3
   326 | D:1      | Reached XP level 2. HP: 20/20 MP: 3/5
   438 | D:1      | Learned a level 2 spell: Poisonous Vapours
   623 | D:1      | Reached skill level 4 in Poison Magic
   991 | D:1      | Reached XP level 3. HP: 26/26 MP: 0/6
   995 | D:1      | Learned a level 3 spell: Mephitic Cloud
  2577 | D:2      | Found a faded altar of an unknown god.
  2578 | D:2      | Reached skill level 5 in Spellcasting
  2578 | D:2      | Reached skill level 5 in Conjurations
  2578 | D:2      | Reached skill level 8 in Poison Magic
  2578 | D:2      | Reached XP level 4. HP: 33/33 MP: 7/11
  2579 | D:2      | Reached skill level 9 in Poison Magic
  2579 | D:2      | Reached XP level 5. HP: 46/46 MP: 7/13
  2744 | D:2      | Identified the +1 robe of the World {Rampage rC+}
  3319 | D:3      | Got Xasim Qoj's Exposition on Tainted Conflagration
  3634 | D:3      | Reached XP level 6. HP: 52/52 MP: 12/15
  3792 | D:3      | Learned a level 4 spell: Olgreb's Toxic Radiance
  4683 | D:4      | Noticed a water moccasin
  4696 | D:4      | Killed a water moccasin
  4924 | D:4      | Learned a level 3 spell: Ignite Poison
  4930 | D:4      | Found a shimmering blue altar of Sif Muna.
  4932 | D:4      | Identified the +10 falchion of Righteous Fury {venom, rF+}
  4936 | D:4      | Became a worshipper of Sif Muna the Loreminder
  5475 | D:5      | Entered Level 5 of the Dungeon
  5503 | D:5      | Your scales start taking on a golden yellow colour.
  5503 | D:5      | Reached XP level 7. HP: 59/59 MP: 10/16
  5503 | D:5      | Gained mutation: You are resistant to acid. (rCorr) [Yellow
                  | Draconian growth]
  5639 | D:5      | Reached skill level 1 in Fire Magic
  5917 | D:5      | Learned a level 4 spell: Sticky Flame
  5987 | D:5      | Reached XP level 8. HP: 66/66 MP: 12/17
  6066 | D:5      | Found a staircase to the Ecumenical Temple.
  6187 | D:5      | Found a glowing silver altar of Zin.
  6187 | D:5      | Found Zin's Purification Station.
  6673 | D:6      | Found a runed translucent door.
  6673 | D:6      | Noticed BlackCrag2's ghost (novice MiBe)
  6725 | D:6      | Reached skill level 1 in Invocations
  6828 | D:6      | Reached * piety under Sif Muna
  7318 | D:7      | Reached XP level 9. HP: 71/71 MP: 14/19
  7482 | D:7      | Noticed Joseph
  7484 | D:7      | Found Gagirool's Armour Shop.
  7484 | D:7      | Noticed Menkaure
  7488 | D:7      | Killed Joseph
  7733 | D:7      | Killed Menkaure
  8377 | D:7      | Noticed a boulder beetle
  8381 | D:7      | Killed a boulder beetle
  8382 | D:7      | Reached skill level 1 in Long Blades
  8382 | D:7      | Reached skill level 5 in Fire Magic
  8382 | D:7      | Reached XP level 10. HP: 80/80 MP: 8/20
  9142 | D:8      | Reached ** piety under Sif Muna
 10015 | D:9      | Learned a level 3 spell: Conjure Flame
 10154 | D:9      | Found a staircase to the Orcish Mines.
 10163 | D:9      | Reached skill level 10 in Poison Magic
 10163 | D:9      | Reached *** piety under Sif Muna
 10478 | D:9      | Reached skill level 5 in Fighting
 10597 | D:9      | Noticed an orange demon
 10707 | D:9      | Learned a level 2 spell: Blink
 11406 | D:9      | Noticed an ice statue
 11421 | D:9      | Killed an ice statue
 11422 | D:9      | Reached XP level 11. HP: 69/86 MP: 11/22
 11595 | D:10     | Entered Level 10 of the Dungeon
 11608 | D:10     | Noticed a two-headed ogre
 11614 | D:10     | Killed a two-headed ogre
 12131 | D:10     | Found Ranky's Tremendous Tomes.
 12846 | D:11     | Found a staircase to the Lair.
 12863 | D:11     | Reached skill level 5 in Dodging
 12880 | D:11     | Reached skill level 5 in Invocations
 13089 | D:11     | Noticed a green ugly thing
 13097 | D:11     | Killed a green ugly thing
 13115 | D:11     | Noticed a boulder beetle
 13127 | D:11     | Killed a boulder beetle
 14099 | Lair:1   | Entered Level 1 of the Lair of Beasts
 14451 | Lair:1   | Noticed a five-headed hydra
 14455 | Lair:1   | Noticed a seven-headed hydra
 14458 | Lair:1   | Killed a six-headed hydra
 14470 | Lair:1   | HP: 4/89 [seven-headed hydra (4)]
 14472 | Lair:1   | Killed from afar by an electric eel

Illustrated notes

Levels and vault maps discovered:
D:1:      dpeg_arrival_boxes_within_box, layout_rooms, serial_rivers,
          chequers_serial_rivers_micro_e, chequers_serial_rivers_micro_e,
          chequers_serial_rivers_micro_b, chequers_serial_rivers_small_3
D:2:      layout_loops_ring, basic_ecumenical_altar
D:3:      layout_loops_ring, kennysheep_generic_room_3
D:4:      layout_rooms, nicolae_sif_muna_little_library, kennysheep_small_spiral
D:5:      layout_gridville, zin_purify, minmay_temple_entry_slanted,
          minivault_24
D:6:      layout_cave_pools, gammafunk_ghost_grave,
          chequers_serial_rivers_small_b, minivault_5
D:7:      layout_basic, serial_shops, nicolae_stop_n_shop_2,
          hangedman_abyss_or_decor_stabs, grunt_ministairs_13,
          kennysheep_generic_room_10, uniq_joseph, uniq_menkaure
D:8:      layout_basic, special_room [special_room_orc]
D:9:      lemuel_ice_statue, layout_loops_ring, david_orc_2,
          chequers_serial_rivers_large_a, minmay_diced_spiral
D:10:     layout_loops_cross, nicolae_shop_i_like_big_books
D:11:     layout_loops_ring, david_lair_shrubbed
Lair:1:   layout_chaotic_city, serial_bayou_pond_b, serial_bayou_lagoon_a,
          lemuel_fruit_tree, grunt_megastairs_5, infiniplex_staircase_pool_2,
          serial_bayou_shore_a

Skill      XL: |  1  2  3  4  5  6  7  8  9 10 11 |
---------------+----------------------------------+-----
Poison Magic   | 4 8 9 10 | 10.4
Spellcasting   | 5 6 7 8 |  8.0
Conjurations   | 5 6 7 8 |  8.5
Fighting       | 4 5 |  5.9
Dodging        | 4 5 |  5.3
Fire Magic     | 1 3 5 6 7 |  7.3
Invocations    | 1 3 4 5 |  5.9
Long Blades    | 1 2 3 |  3.6
Stealth        | |  1.7
Transmutations | |  1.6

Action                   |  1- 3 |  4- 6 |  7- 9 | 10-12 || total
-------------------------+-------+-------+-------+-------++-------
Melee: Short sword       |    43 |    18 |       |       ||    61
       Tailslap          |     7 |     3 |     8 |    13 ||    31
       Punch             |     1 |       |       |       ||     1
       Falchion          |       |       |    50 |    76 ||   126
 Cast: Sting             |    49 |    57 |    15 |     1 ||   122
       Poisonous Vapours |    16 |    19 |     3 |       ||    38
       Olgreb's Toxic Ra |       |     1 |    25 |    45 ||    71
       Ignite Poison     |       |     1 |    14 |    44 ||    59
       Sticky Flame      |       |       |     9 |    13 ||    22
       Mephitic Cloud    |       |       |     1 |    17 ||    18
       Conjure Flame     |       |       |       |     1 ||     1
Invok: Channel Magic     |       |       |       |     3 ||     3
 Abil: Breathe Acid      |       |       |     5 |     8 ||    13
  Use: Scroll            |     5 |     9 |     4 |     5 ||    23
       Potion            |     1 |     1 |     1 |     1 ||     4
Armor: Skin              |    22 |    21 |    43 |    64 ||   150
Dodge: Dodged            |    49 |    24 |    51 |   106 ||   230
